 Dungeon Crawl Stone Soup version 0.30-a0-799-g109b55a442 (webtiles) character file.

Game seed: 11225393222741883397

2097 Jeffwins the Firebug (level 9, -2/57 HPs)
             Began as a Human Wanderer on Feb 20, 2023.
             Was a Follower of Vehumet.
             Slain by a wight
             ... wielding a +3 great sword of freezing
              (14 damage)
             ... on level 8 of the Dungeon.
             The game lasted 00:14:21 (7522 turns).

Jeffwins the Firebug (Human Wanderer)               Turns: 7522, Time: 00:14:21

Health: -2/57      AC:  9    Str: 11    XL:     9   Next: 52%
Magic:  24/24      EV: 11    Int: 17    God:    Vehumet [*.....]
Gold:   408        SH:  0    Dex: 14    Spells: 11/17 levels left

rFire   . . .      SeeInvis .    I - +2 triple crossbow (heavy)
rCold   . . .      Faith    .    (shield currently unavailable)
rNeg    . . .      Spirit   .    o - +0 steam dragon scales
rPois   +          Reflect  .    (no helmet)
rElec   .          Harm     .    m - scarf {+Inv}
rCorr   .          Rampage  .    y - +0 pair of gloves
Will    .....                    G - +2 pair of boots
Stlth   +++                      (no amulet)
HPRegen 0.29/turn                P - ring of poison resistance
MPRegen 0.19/turn                W - ring of magical power

@: no status effects
A: no striking features
a: Renounce Religion, Evoke Invisibility


You were on level 8 of the Dungeon.
You worshipped Vehumet.
Vehumet was aware of your devotion.
You visited 2 branches of the dungeon, and saw 9 of its levels.

You collected 408 gold pieces.


   Skills:
 * Level 5.4 Ranged Weapons
 - Level 1.0 Armour
 - Level 1.0 Dodging
 + Level 4.4 Stealth
 * Level 4.6 Spellcasting
 * Level 4.9 Conjurations
 * Level 5.4 Fire Magic
 * Level 3.2 Air Magic
 + Level 3.3 Evocations


You had 11 spell levels left.
You knew the following spells:

 Your Spells              Type           Power      Damage    Failure   Level
z - Foxfire               Conj/Fire      84%        2x1d8     1%          1
X - Arcjolt               Conj/Air       8%         1d18      58%         5

Your spell library contained the following spells:

 Spells                   Type           Power      Damage    Failure   Level
 Static Discharge         Conj/Air       34%        2-4/arc   4%          2
 Kindle Blastsparks       Fire/Tloc/Air  26%        2d12      14%         3
 Vhi's Electric Charge    Tloc/Air       18%        N/A       22%         3
 Gell's Gravitas          Tloc           3%         N/A       41%         3
 Teleport Other           Tloc           3%         N/A       41%         3
 Anguish                  Hex/Necr       1%         N/A       83%         4
 Yara's Violent Unravell  Hex/Tmut       1%         3d3       99%         5
 Dispersal                Tloc           1%         N/A       100%        6
 Enfeeble                 Hex            1%         N/A       100%        7
 Maxwell's Capacitive Co  Air            7%         ∞         100%        8

Inventory:

Hand Weapons
 a - a +2 sling
 r - a +5 hammer
 I - a +2 heavy triple crossbow (weapon)
Missiles
 g - 22 poisoned darts
Armour
 e - a +0 buckler
 f - an orb of guile
 m - a scarf of invisibility (worn)
 o - +0 steam dragon scales (worn)
 y - a +0 pair of gloves (worn)
 G - a +2 pair of boots (worn)
Magical Staves
 A - a staff of conjuration {!a}
Jewellery
 P - a ring of poison resistance (left hand)
 W - a ring of magical power (right hand)
Wands
 x - a wand of digging (7)
Scrolls
 c - a scroll of teleportation {@r4}
 i - a scroll of poison
 k - a scroll of immolation {!r}
 n - a scroll of fog
 u - a scroll of torment {!r}
 B - 4 scrolls of amnesia
 C - 2 scrolls of magic mapping
Potions
 b - a potion of magic {unknown}
 h - 2 potions of flight {unknown}
 j - 9 potions of curing {unknown}
 l - 2 potions of might
 p - a potion of lignification {unknown}
 q - a potion of heal wounds {unknown}
 s - 2 potions of haste {unknown}
 t - a potion of mutation {unknown}
 v - a potion of invisibility {unknown}
 w - 2 potions of attraction {unknown}
 z - 2 potions of degeneration {unknown}
 D - 2 potions of brilliance {unknown}
 E - a potion of cancellation {unknown}
 H - a potion of berserk rage {unknown}

Dungeon Overview and Level Annotations

Branches:
Dungeon (8/15)             Temple (1/1) D:5
   Lair: D:8-11

Altars:
Ashenzari
Cheibriados
Elyvilon
Fedhas
Gozag
Kikubaaqudgha
Makhleb
Nemelex Xobeh
Okawaru
Qazlal
Ru
Sif Muna
Trog
Uskayaw
Vehumet
Wu Jian
Xom
Yredelemnul
The Shining One

Portals:
Abyss: D:7

Annotations:
D:7 2 transporters, olddryhag's ghost, novice DrTm

#.####.##.##.# #.#.##.###...##
####.####.##.##.###.#....###.....
.................................
#########.......###.#.##..###..).
###..........#.##..# #.[##
########..............##...##.<..
.......#.....######.####......)..
.......#.....######.# ###..#....
..............)z@##.# ##....##
............#######.# ###..#
............# #.# ....
................ .. .....
................ ##..#
................. #..#
......#.#.$......
.....##.#........
##+###..######..


You could see a wight.


Message History

Press: ? - help, Q - select action, (/) - cycle Shift-Dir - straight line, f - wight
Aim: a wight, wielding a +3 great sword of freezing and wearing a +0 robe (57% to hit)
You shoot a bolt.
The bolt hits the wight but does no damage.
The wight hits you with a +3 great sword of freezing!
The wight freezes you.
The wight hits you with a +3 great sword of freezing!
The wight freezes you.
Unknown command.
Fire: I) +2 triple crossbow (heavy)
Press: ? - help, Q - select action, (/) - cycle Shift-Dir - straight line, f/p - wight
Aim: a wight, wielding a +3 great sword of freezing and wearing a +0 robe (57% to hit)
You shoot a bolt. The bolt hits the wight!
The wight is heavily damaged.
The wight completely misses you. The wight barely misses you.
The wight hits you with a +3 great sword of freezing!!
* * * LOW HITPOINT WARNING * * *
The wight freezes you.
* * * LOW HITPOINT WARNING * * *
Unknown command.
Unknown command.
Fire: I) +2 triple crossbow (heavy)
Press: ? - help, Q - select action, (/) - cycle Shift-Dir - straight line, f/p - wight
Aim: a wight, wielding a +3 great sword of freezing and wearing a +0 robe (heavily damaged, 57% to hit)
You shoot a bolt. The bolt barely misses the wight.
The bolt hits the wight!!
You destroy the wight!
Vehumet accepts your kill. The wight barely misses you. The wight misses you.
The wight hits you with a +3 great sword of freezing!
You die...

Skill      XL: |  1  2  3  4  5  6  7  8  9 |
---------------+----------------------------+-----
Conjurations   | 1 2 3 4 |  4.9
Ranged Weapons | 3 4 5 |  5.4
Spellcasting   | 2 3 4 |  4.6
Fire Magic     | 3 4 5 |  5.4
Stealth        | 3 4 |  4.4
Evocations     | 2 3 |  3.3
Air Magic      | 2 3 |  3.2
Armour         | |  1.0
Dodging        | |  1.0

Action                     |  1- 3 |  4- 6 |  7- 9 || total
---------------------------+-------+-------+-------++-------
   Fire: Sling             |    73 |    64 |    24 ||   161
         Triple crossbow   |       |       |    38 ||    38
   Cast: Foxfire           |     8 |    24 |   189 ||   221
    Use: Scroll            |       |     5 |    11 ||    16
 Armour: Robe              |    17 |     5 |    35 ||    57
         Steam dragon scal |       |       |     9 ||     9
  Dodge: Dodged            |    25 |    20 |    62 ||   107

Levels and vault maps discovered:
D:1:      elethiomel_arrival_infinity_welcomes_careful_drivers, layout_basic,
          serial_glass, glass_columns_c, glass_columns_c,
          kennysheep_another_room, minmay_misc_feat_cross
D:2:      layout_basic, ebering_ecumenical_altar_webs, serial_bayou_pond_c,
          uniq_crazy_yiuf_cottage
D:3:      layout_basic, nicolae_uskayaw_en_pointe, fedhas_ov_isle_minmay,
          uniq_grinder
D:4:      layout_loops_ring, mainiacjoe_overflow_surrounded_room
D:5:      layout_basic, minmay_temple_entry_sparse_star
D:6:      layout_loops_corners, nicolae_tso_besieged_by_evil,
          mainiacjoe_overflow_small_starburst
D:7:      layout_basic, nicolae_qazlal_scattered_showers,
          mainiacjoe_overflow_paths, gammafunk_ghost_abyssal_escape,
          kennysheep_crisscross, kennysheep_generic_room_2
D:8:      layout_basic, grunt_ministairs_14, minmay_radiant, uniq_maggie
Temple:   zaba_magenta_temple

Notes
Turn   | Place    | Note
-------+----------+-------------------------------------------
     0 | D:1      | Jeffwins the Human Wanderer began the quest for the Orb.
     0 | D:1      | Jeffwins set off with the following items: a +2 sling, a +0
                  | pair of boots, a scroll of teleportation {@r4}, a +0 robe;
                  | and the following spell memorised: Foxfire; and the
                  | following spells available to memorise: Kindle Blastsparks.
     0 | D:1      | Reached XP level 1. HP: 13/13 MP: 2/2
   102 | D:1      | Reached XP level 2. HP: 19/19 MP: 3/3
   220 | D:1      | Reached skill level 1 in Conjurations
   258 | D:1      | Reached XP level 3. HP: 23/24 MP: 3/5
  1094 | D:2      | Reached XP level 4. HP: 30/30 MP: 2/6
  1261 | D:2      | Found a runed translucent door.
  1262 | D:2      | Noticed Crazy Yiuf
  1386 | D:2      | Found a faded altar of an unknown god.
  1600 | D:2      | HP: 3/30 [Crazy Yiuf/+3 quarterstaff of chaos (1)]
  1601 | D:2      | Killed Crazy Yiuf
  1839 | D:3      | Found a hide-covered altar of Uskayaw.
  1839 | D:3      | Noticed a +0 dagger
  1839 | D:3      | Noticed a +0 short sword
  1840 | D:3      | Noticed a +0 dagger
  1840 | D:3      | Noticed a +0 spear
  1841 | D:3      | Noticed a +0 falchion
  1842 | D:3      | Noticed a +0 short sword
  1842 | D:3      | Noticed a +0 spear
  1843 | D:3      | Noticed a +0 falchion
  2225 | D:3      | Noticed Grinder
  2225 | D:3      | Paralysed by Grinder for 2 turns
  2229 | D:3      | Found a blossoming altar of Fedhas.
  2233 | D:3      | Paralysed by Grinder for 5 turns
  2246 | D:3      | Killed Grinder
  2247 | D:3      | Reached skill level 3 in Ranged Weapons
  2247 | D:3      | Reached skill level 2 in Spellcasting
  2247 | D:3      | Reached skill level 2 in Conjurations
  2247 | D:3      | Reached skill level 3 in Fire Magic
  2247 | D:3      | Reached XP level 5. HP: 10/35 MP: 8/8
  2247 | D:3      | Reached XP level 6. HP: 12/41 MP: 9/9
  2756 | D:4      | Found a white marble altar of Elyvilon.
  2808 | D:4      | Noticed an ogre
  3298 | D:4      | Killed an ogre
  3299 | D:4      | Reached XP level 7. HP: 46/46 MP: 11/11
  3418 | D:5      | Entered Level 5 of the Dungeon
  3433 | D:5      | Reached skill level 3 in Stealth
  3433 | D:5      | Reached skill level 2 in Evocations
  3505 | D:5      | Found a staircase to the Ecumenical Temple.
  3513 | Temple   | Entered the Ecumenical Temple
  3566 | Temple   | Became a worshipper of Vehumet
  3622 | D:5      | Reached skill level 3 in Conjurations
  3751 | D:5      | Reached skill level 3 in Spellcasting
  4263 | D:5      | Learned a level 5 spell: Arcjolt
  4344 | D:5      | Reached skill level 4 in Ranged Weapons
  4344 | D:5      | Reached skill level 4 in Fire Magic
  4610 | D:6      | Found a sacrificial altar of Ru.
  4649 | D:6      | Reached XP level 8. HP: 34/52 MP: 13/13
  4654 | D:6      | Reached skill level 1 in Air Magic
  5284 | D:6      | Reached * piety under Vehumet
  5284 | D:6      | Offered knowledge of Shock by Vehumet.
  5472 | D:6      | Found a glowing golden altar of the Shining One.
  5868 | D:7      | Found a transporter.
  5915 | D:7      | Found a shimmering blue altar of Sif Muna.
  5958 | D:7      | Reached skill level 4 in Conjurations
  6079 | D:7      | Found a stormy altar of Qazlal.
  6130 | D:7      | Noticed an ancient zyme
  6147 | D:7      | Reached skill level 2 in Air Magic
  6243 | D:7      | Found a transporter.
  6249 | D:7      | Noticed a purple ugly thing
  6420 | D:7      | Reached skill level 4 in Stealth
  6420 | D:7      | Reached skill level 4 in Spellcasting
  6492 | D:7      | Reached XP level 9. HP: 57/57 MP: 15/15
  6496 | D:7      | Reached skill level 5 in Fire Magic
  6496 | D:7      | Reached skill level 3 in Evocations
  6498 | D:7      | Reached skill level 5 in Ranged Weapons
  6665 | D:7      | Found a one-way gate to the infinite horrors of the Abyss.
  6665 | D:7      | Noticed olddryhag's ghost (novice DrTm)
  6946 | D:8      | Reached skill level 3 in Air Magic
  7277 | D:8      | Offered knowledge of Static Discharge by Vehumet.
  7522 | D:8      | Slain by a wight

Vanquished Creatures
  Grinder (D:3)
  2 steam dragons
  A water moccasin (D:7)
  An ice beast (D:7)
  2 ogres
  A centaur (D:6)
  A phantom (D:5)
  A kobold brigand (D:7)
  A necrophage (D:6)
  3 bullfrogs
  3 scorpions
  2 wights (D:8)
  5 killer bees (D:8)
  3 hounds
  2 orc priests
  Crazy Yiuf (D:2)
  An iguana (D:6)
  5 adders
  3 gnolls (D:5)
  A shadow imp (D:6)
  An ufetubus (D:5)
  2 dart slugs
  2 worms
  14 orcs
  2 endoplasms (D:4)
  3 giant cockroaches
  3 goblins
  6 hobgoblins
  3 jackals (D:1)
  4 quokkas
  4 ball pythons
  A bat (D:1)
  5 frilled lizards
  3 goblin skeletons (D:6)
  3 goblin zombies (D:6)
  2 hobgoblin zombies (D:6)
  8 kobolds
  2 kobold zombies (D:6)
  2 orc skeletons (D:6)
  2 orc zombies (D:6)
  2 rats (D:1)
114 creatures vanquished.

Vanquished Creatures (others)
  375 foxfires
375 creatures vanquished.

Grand Total: 489 creatures vanquished

Table legend: (Time is in decaauts)
 A = Elapsed time spent in this place.
 B = Non-inter-level travel time spent in this place.
 C = Inter-level travel time spent in this place.
 D = Time resting spent in this place.
 E = Time spent auto-exploring this place.
 F = Levels seen in this place.
 G = Mean time per level.
                   A        B        C        D        E       F      G
               +--------+--------+--------+--------+--------+-----+--------+
         Total |   7645 |   7364 |    281 |    319 |   5940 |   9 |  849.4 |
       Dungeon |   7587 |   7318 |    269 |    319 |   5900 |   8 |  948.4 |
        Temple |     57 |     45 |     12 |      0 |     40 |   1 |   57.0 |
               +--------+--------+--------+--------+--------+-----+--------+

Top non-repeatable levels by time:
     D:6: 1375 daAuts
     D:7: 1274 daAuts
     D:2: 1057 daAuts
     D:5: 999 daAuts
     D:3: 860 daAuts
     D:4: 794 daAuts
     D:1: 752 daAuts
     D:8: 473 daAuts
  Temple: 57 daAuts

Table legend:
 A = Non-vault XP
 B = Vault XP
 C = Vault XP percentage of total XP
 D = Non-vault monster count
 E = Vault monster count
 F = Vault count percentage of total count
                 A         B        C        D         E       F
            +---------+---------+-------+---------+---------+-------
      Total |    2614 |     452 |  14.7 |      96 |      18 |  15.8
            +---------+---------+-------+---------+---------+-------
        D:1 |      32 |       0 |   0.0 |      19 |       0 |   0.0
        D:2 |      38 |      39 |  50.6 |       6 |       1 |  14.3
        D:3 |      23 |     267 |  92.1 |       6 |       1 |  14.3
        D:4 |     161 |       0 |   0.0 |      19 |       0 |   0.0
        D:5 |     370 |       0 |   0.0 |      12 |       0 |   0.0
        D:6 |     496 |      25 |   4.8 |      12 |      15 |  55.6
        D:7 |     825 |     121 |  12.8 |      11 |       1 |   8.3
        D:8 |     669 |       0 |   0.0 |      11 |       0 |   0.0
            +---------+---------+-------+---------+---------+-------
